AoeStats
← rifstudio1

Arabia

510970648Analyzed
1v1 RM · 16h ago on Oct 3, 2026· 37m 31s· 2 players
Game mode
Random Map
Map size
Tiny (2 player)
Population
200
Speed
Normal
Resources
Standard
Victory
Conquest
Starting age
Dark Age
Ending age
Imperial Age
RankedLock teamsTeams togetherTeam positionsShared explorationLock speedFull tech treeHidden civsTurbo modeCheats
Victory
Defeat
🇦🇺 Teutons · Australia
743
+18
🇮🇩 Persians · Indonesia
779
-42
Fizzy Elf
10:13 Feudal Age
8:29 Loom
11:13 Double-Bit Axe
12:43 Scale Mail Armor
12:54 Forging
16:14 Man-at-Arms
17:59 Horse Collar
22:21 Castle Age
22:53 Long Swordsman
24:12 Iron Casting
23:53 Chain Mail Armor
23:51 Bow Saw
23:44 Heavy Plow
23:34 Gambesons
23:51 Squires
26:47 Wheelbarrow
25:57 Town Watch
30:34 Hand Cart
30:20 Town Patrol
35:30 Arson
36:45 Fletching
rifstudio1
16:23 Feudal Age
22:09 Double-Bit Axe
23:03 Man-at-Arms
Connection lost

Rejoining the realm…

Still unreachable

The connection could not be restored.

Session expired

The server has moved on; the page needs a fresh start.